 Dungeon Crawl Stone Soup version 0.23-a0-171-g5ae17c6 (webtiles) character file.

183 Scuka the Cudgeler (level 5, -9/32 HPs)
             Began as a Gargoyle Fighter on Sept 14, 2018.
             Killed by divine providence
             ... invoked by an orc priest
              (11 damage)
             ... on level 3 of the Dungeon.
             The game lasted 00:02:36 (2723 turns).

Scuka the Cudgeler (Gargoyle Fighter)               Turns: 2723, Time: 00:02:36

Health: -9/32      AC: 16    Str: 21    XL:     5   Next: 62%
Magic:  5/5        EV:  5    Int:  8    God:
Gold:   100        SH:  9    Dex:  9    Spells: 4/4 levels left

rFire    . . .     SeeInvis .   a - +0 flail
rCold    . . .     Gourm    .   c - +0 shield
rNeg     + . .     Faith    .   e - +0 chain mail
rPois    ∞         Spirit   .   (no helmet)
rElec    +         Reflect  .   (no cloak)
rCorr    .         Harm     .   (no gloves)
MR       +....                  s - +2 pair of boots
Stlth    ..........             (no amulet)
HPRegen  0.10/turn              i - ring of protection from magic
MPRegen  0.09/turn              (no ring)

@: no status effects
A: negative energy resistance 1, electricity resistance, unbreathing,
petrification resistance, rot immunity, AC +4
a: no special abilities


You were on level 3 of the Dungeon.
You were not hungry.

You visited 1 branch of the dungeon, and saw 3 of its levels.

You collected 100 gold pieces.

Inventory:

Hand Weapons
 a - a +0 flail (weapon)
Armour
 c - a +0 shield (worn)
 e - a +0 chain mail (worn)
 s - a +2 pair of boots (worn)
Jewellery
 i - a ring of protection from magic (left hand)
Scrolls
 b - 4 scrolls of identify {unknown}
 g - 2 scrolls of magic mapping {unknown}
 h - a scroll of enchant armour {unknown}
 m - 3 scrolls of remove curse {unknown}
 o - 2 scrolls of random uselessness {unknown}
 r - a scroll of teleportation {unknown}
Potions
 d - a potion of might
 j - a potion of berserk rage {unknown}
 k - a potion of brilliance {unknown}
 l - 3 potions of agility {unknown}
 n - 3 potions of flight {unknown}
 p - a potion of haste {unknown}
Comestibles
 f - 8 rations
 q - 6 chunks of flesh


   Skills:
 - Level 3.2 Fighting
 + Level 5.7 Maces & Flails
 - Level 3.2 Armour
 - Level 3.2 Shields


You had 4 spell levels left.
You didn't know any spells.
Your spell library was empty.

Dungeon Overview and Level Annotations

Branches:
Dungeon (3/15)

Altars:
Ashenzari
Gozag


Innate Abilities, Weirdness & Mutations

You are resistant to torment.
Your stone body is resilient. (AC +4)
You are immune to poison.
You resist negative energy. (rN+)
You are resistant to electric shocks. (rElec)
You can survive without breathing.
You are immune to petrification.
You are immune to rotting.


Message History

The orc priest invokes the aid of Beogh against you.
Beogh smites you!
You hit the orc priest but do no damage.
The orc priest is moderately wounded.
The orc priest invokes the aid of Beogh against you.
Beogh smites you!
* * * LOW HITPOINT WARNING * * *
You closely miss the orc priest.
The orc priest is moderately wounded.
The orc priest hits you.
* * * LOW HITPOINT WARNING * * *
You block the orc priest's attack.
You closely miss the orc priest.
The orc priest is moderately wounded.
The orc priest hits you but does no damage.
Your shield and chain mail prevent you from hitting the orc priest.
The orc priest is moderately wounded.
The orc priest mumbles some strange prayers to Beogh against you.
Beogh smites you!
You die...

#.............# #.#.#.#
#####o#.......# #.#.#.#
#..#..###.# #.#.#.#
##.#....# #.#.#
#.#..#.# #.#.#
#####.##.# # #. #.#.#
#....o...# #.# #.#.#
#......#.# ####.# #.#.#
#....o...# #@##.# #.#.#
#o....#..# #o##.# #.#.#
#o#####..# #.##.. #.#.#
#)# #.>#.#.##.###)#.#
#.########.#.##.......#
#.o.o.o..#......#...###
#######.####.##.#.###
#o#.......#.#
#.#...#.#.#)#


You could see an orc priest.

Vanquished Creatures
  An orc priest (D:3)
  An orc wizard (D:3)
  3 gnolls
  3 adders (D:2)
  A dart slug (D:2)
  7 orcs
  2 giant cockroaches
  8 hobgoblins
  4 jackals (D:3)
  A quokka (D:3)
  4 ball pythons
  3 bats
  3 frilled lizards
  8 goblins
  7 kobolds
  8 rats
64 creatures vanquished.

Notes
Turn   | Place    | Note
-------+----------+-------------------------------------------
     0 | D:1      | Scuka the Gargoyle Fighter began the quest for the Orb.
     0 | D:1      | Reached XP level 1. HP: 14/14 MP: 1/1
   574 | D:1      | Reached XP level 2. HP: 17/19 MP: 2/2
   727 | D:1      | Reached skill level 3 in Maces & Flails
   969 | D:1      | Reached XP level 3. HP: 13/23 MP: 3/3
  1197 | D:2      | Found an opulent altar of Gozag.
  1305 | D:2      | Found a shattered altar of Ashenzari.
  1569 | D:2      | Reached skill level 4 in Maces & Flails
  1585 | D:2      | Reached XP level 4. HP: 24/28 MP: 4/4
  2213 | D:3      | Reached skill level 5 in Maces & Flails
  2214 | D:3      | Reached XP level 5. HP: 31/32 MP: 5/5
  2721 | D:3      | HP: 1/32 [orc priest (2)]
  2723 | D:3      | Killed from afar by an orc priest

Vault maps used:
D:1:      tarquinn_simple_flora_water_b
D:2:      nicolae_gozag_seed_capital, nicolae_overflow_crystal_walls,
          minmay_misc_feat_x, amethyst_killhole

Skill      XL: |  1  2  3  4 |
---------------+-------------+-----
Maces & Flails | 3 4 5 |  5.7
Fighting       | |  3.2
Armour         | |  3.2
Shields        | |  3.2

Action                   |  1- 3 |  4- 6 || total
-------------------------+-------+-------++-------
Melee: Flail             |   146 |   136 ||   282
  Eat: Chunk             |     2 |     4 ||     6
Armor: Chain mail        |    81 |    91 ||   172
       Scale mail        |     1 |       ||     1
Dodge: Dodged            |    33 |    34 ||    67
Block: Shield            |    92 |    76 ||   168

Table legend:
 A = Non-vault XP
 B = Vault XP
 C = Vault XP percentage of total XP
 D = Non-vault monster count
 E = Vault monster count
 F = Vault count percentage of total count
                 A         B        C        D         E       F
            +---------+---------+-------+---------+---------+-------
      Total |     262 |       0 |   0.0 |      64 |       0 |   0.0
            +---------+---------+-------+---------+---------+-------
        D:1 |      44 |       0 |   0.0 |      21 |       0 |   0.0
        D:2 |      64 |       0 |   0.0 |      18 |       0 |   0.0
        D:3 |     154 |       0 |   0.0 |      25 |       0 |   0.0
            +---------+---------+-------+---------+---------+-------
